 Dungeon Crawl Stone Soup version 0.28-a0-8-g6e044cfa68 (console) character file.

Game seed: 17155618551729097088

2994 jejorda2 the Spear-Bearer (level 9, -6/103 HPs)
             Began as a Merfolk Berserker on July 24, 2021.
             Was an Elder of Trog.
             Mangled by a death knight (7 damage)
             ... on level 7 of the Dungeon.
             The game lasted 00:16:50 (8082 turns).

jejorda2 the Spear-Bearer (Merfolk Berserker)       Turns: 8082, Time: 00:16:51

Health: -6/103     AC: 15    Str: 20    XL:     9   Next: 83%
Magic:  9/9        EV:  8    Int:  6    God:    Trog [****..]
Gold:   232        SH:  0    Dex: 14    Spells: 8/8 levels left

rFire   . . .      SeeInvis +   a - +1 halberd (freeze)
rCold   + . .      Faith    .   (shield currently unavailable)
rNeg    . . .      Spirit   .   s - +1 chain mail {rC+}
rPois   .          Reflect  .   g - +2 helmet {SInv}
rElec   .          Harm     .   (no cloak)
rCorr   .          Rampage  .   (no gloves)
Will    .....                   u - +0 pair of boots
Stlth   ..........              (no amulet)
HPRegen 0.27/turn               (no ring)
MPRegen 0.11/turn               (no ring)

@: berserking (expiring), lethally poisoned (-6 -> -9), very quick
A: (nimble swimmer 2), mertail
a: Renounce Religion, Berserk, Trog's Hand, Brothers in Arms


You were on level 7 of the Dungeon.
You worshipped Trog.
Trog was greatly pleased with you.
You visited 1 branch of the dungeon, and saw 7 of its levels.

You collected 374 gold pieces.
You spent 142 gold pieces at shops.

Inventory:

Hand Weapons
 a - a +1 halberd of freezing (weapon)
 b - a +0 trident
Missiles
 d - 28 poisoned darts (quivered)
 j - 2 javelins
Armour
 g - a +2 helmet of see invisible (worn)
 s - a +1 chain mail of cold resistance (worn)
 u - a +0 pair of boots (worn)
Wands
 f - a wand of flame (35)
 v - a wand of iceblast (15)
 w - a wand of digging (5)
Scrolls
 c - 4 scrolls of vulnerability
 i - a scroll of identify
 q - 2 scrolls of immolation
Potions
 e - a potion of ambrosia {unknown}
 h - 2 potions of flight
 l - 5 potions of curing
 m - a potion of brilliance {unknown}
 n - 3 potions of lignification
 r - 3 potions of attraction
 t - a potion of heal wounds


   Skills:
 - Level 6.0 Fighting
 * Level 14.4 Polearms
 + Level 5.6 Armour
 - Level 2.6 Dodging


You had 8 spell levels left.
You didn't know any spells.
Your spell library was empty.

Dungeon Overview and Level Annotations

Branches:
Dungeon (7/15)             Temple (0/1) D:6

Altars:
Gozag
Sif Muna
Trog
Uskayaw

Shops:
D:6 [   D:7 :


Innate Abilities, Weirdness & Mutations

((You are quick and stealthy near water. (Stealth+, EV+, Speed+++)))
Your lower body shifts to a powerful aquatic tail in water.


Message History

Unknown command.
Reach: a) +1 halberd (freeze)
Press: ? - help, Dir - move target, f - slime creature
Aim: a slime creature (about 16% to evade your +1 halberd of freezing)
You reach to attack!
You slash the slime creature! You freeze the slime creature.
The slime creature is moderately wounded.
You feel sick.
You slash the slime creature! You freeze the slime creature.
The slime creature is heavily wounded.
You feel sick.
You slice the slime creature!! You freeze the slime creature.
The slime creature is almost dead.
You feel sick.
The slime creature hits you but does no damage.
You slice the slime creature!! You freeze the slime creature.
You kill the slime creature!
Trog accepts your kill.
You feel sick.
Reach: a) +1 halberd (freeze)
Press: ? - help, Dir - move target, f - death knight
Aim: a death knight, wielding a +2 battleaxe of flaming and wearing a +0 chain mail (about 35% to evade your +1 halberd of freezing)
You reach to attack!
You barely miss the death knight. You hit the death knight.
You freeze the death knight.
The death knight is lightly wounded.
You feel sick.
You impale the death knight!! You freeze the death knight.
The death knight is moderately wounded.
You feel sick.
The death knight hits you with a +2 battleaxe of flaming!
The death knight burns you.
* * * LOW HITPOINT WARNING * * *
You closely miss the death knight.
The death knight is moderately wounded.
Your chain mail prevents you from hitting the death knight.
The death knight is moderately wounded.
The death knight hits you with a +2 battleaxe of flaming!!
* * * LOW HITPOINT WARNING * * *
The death knight burns you!
You die...

.# ##..#..##
.#####......#
..#........###
........##...##
..#.....####..#
.##......# ##.#
.(#....###
#.#####
.##...##
#.....# .....##
*####@##*
##....#
*,**#p#,*
.#..###
*,**.#.**
...######
**,.#*##*
....##..##
*,#.***,*
.##.##...#
*,#,,**,*
.....#...#
**,**,,**
........##
*******
##......#


You could see a death knight.

Vanquished Creatures
  Pikel (D:4)
  A kobold demonologist (D:7)
  A hornet (D:7)
  A slime creature (D:7)
  Sigmund (D:5)
  Eustachio (D:5)
  A water moccasin (D:6)
  A black bear (D:4)
  3 ogres
  2 necrophages (D:6)
  A lemure (D:4)
  A phantom (D:5)
  Blork the orc (D:4)
  2 scorpions
  3 bullfrog zombies
  A centaur zombie (D:5)
  A jelly (D:6)
  4 iguanas
  Natasha (thrice) (D:4)
  2 orc wizards (D:4)
  A hound skeleton (D:5)
  A howler monkey zombie (D:7)
  9 adders
  7 gnolls (D:4)
  A howler monkey skeleton (D:4)
  2 shadow imps
  3 dart slugs
  18 orcs
  7 endoplasms
  2 giant cockroaches
  6 goblins
  6 hobgoblins
  2 jackals (D:2)
  8 kobolds
  7 quokkas
  10 ball pythons
  5 bats
  4 frilled lizards
  A quokka skeleton (D:4)
  26 rats
158 creatures vanquished.

Vanquished Creatures (others)
  34 plants (D:2)
34 creatures vanquished.

Grand Total: 192 creatures vanquished

Notes
Turn   | Place    | Note
-------+----------+-------------------------------------------
     0 | D:1      | jejorda2 the Merfolk Berserker began the quest for the Orb.
     0 | D:1      | Reached XP level 1. HP: 18/18 MP: 1/1
    62 | D:1      | Found a faded altar of an unknown god.
   157 | D:1      | Reached XP level 2. HP: 24/24 MP: 2/2
   456 | D:1      | Reached skill level 5 in Polearms
   989 | D:2      | Reached XP level 3. HP: 29/29 MP: 3/3
  1027 | D:2      | Reached ** piety under Trog
  1991 | D:2      | Reached XP level 4. HP: 37/37 MP: 4/4
  2282 | D:3      | Reached skill level 6 in Polearms
  2384 | D:3      | Reached *** piety under Trog
  2787 | D:3      | Reached XP level 5. HP: 42/42 MP: 5/5
  3147 | D:4      | Noticed Natasha
  3154 | D:4      | Killed Natasha
  3228 | D:4      | Noticed Pikel
  3228 | D:4      | Noticed a lemure
  3228 | D:4      | Noticed a lemure
  3228 | D:4      | Noticed a lemure
  3229 | D:4      | Noticed a lemure
  3252 | D:5      | Entered Level 5 of the Dungeon
  3258 | D:5      | Reached skill level 7 in Polearms
  3328 | D:4      | Killed a lemure
  3341 | D:4      | Killed Pikel
  3342 | D:4      | Reached skill level 5 in Fighting
  3342 | D:4      | Reached skill level 9 in Polearms
  3342 | D:4      | Reached XP level 6. HP: 29/51 MP: 6/6
  3342 | D:4      | Reached XP level 7. HP: 32/56 MP: 7/7
  3419 | D:4      | Noticed Natasha
  3429 | D:4      | Killed Natasha
  3679 | D:4      | Noticed Natasha
  3689 | D:4      | Killed Natasha
  3789 | D:4      | Noticed Blork the orc
  3800 | D:4      | Killed Blork the orc
  3801 | D:4      | Reached XP level 8. HP: 64/64 MP: 8/8
  3822 | D:4      | Reached skill level 10 in Polearms
  3865 | D:4      | Reached **** piety under Trog
  4692 | D:5      | Found a hide-covered altar of Uskayaw.
  4896 | D:5      | Found a bloodstained altar of Trog.
  5000 | D:5      | Reached skill level 11 in Polearms
  5194 | D:5      | Noticed Sigmund
  5197 | D:5      | Noticed Eustachio
  5473 | D:6      | Reached skill level 12 in Polearms
  5682 | D:5      | Killed Sigmund
  5683 | D:5      | Reached XP level 9. HP: 69/69 MP: 9/9
  5738 | D:5      | Killed Eustachio
  6850 | D:6      | Reached skill level 13 in Polearms
  6850 | D:6      | Reached skill level 5 in Armour
  6969 | D:6      | Found a staircase to the Ecumenical Temple.
  7120 | D:6      | Found Xygyalyi's Antique Armour Shoppe.
  7130 | D:6      | Bought a runed helmet for 142 gold pieces
  7651 | D:7      | Found Xitoill's Book Boutique.
  7927 | D:7      | Noticed a hornet
  7932 | D:7      | Killed a hornet
  8000 | D:7      | Found a shimmering blue altar of Sif Muna.
  8000 | D:7      | Found an opulent altar of Gozag.
  8054 | D:7      | Noticed a kobold demonologist
  8057 | D:7      | Noticed a death knight
  8067 | D:7      | Noticed a smoke demon
  8073 | D:7      | Killed a kobold demonologist
  8074 | D:7      | Reached skill level 14 in Polearms
  8082 | D:7      | HP: 1/103 [death knight (28)]
  8082 | D:7      | Mangled by a death knight

Illustrated notes

Levels and vault maps discovered:
D:1:      scummos_arrival_hexagon, layout_loops_cross,
          dreamdust_ecumenical_altar_angels_and_demons
D:2:      layout_loops_ring, minmay_tree_intersection, serial_bayou_lagoon_a,
          st_stairs_7, kennysheep_generic_room_10
D:3:      layout_basic, minmay_rat_hole
D:4:      layout_loops_cross, uniq_blork_the_orc, uniq_pikel, uniq_natasha
D:5:      layout_layer_cave, general_overflow_altar, small_statue_intersection,
          kennysheep_flooded_box, uniq_sigmund, uniq_eustachio
D:6:      layout_cave_pools, temple_green, serial_shops, nicolae_lakefront_shop,
          solitary_fountain
D:7:      minmay_cornered_nines, layout_cave_pools,
          gammafunk_temple_overflow_pools, serial_shops, shop

Skill      XL: |  1  2  3  4  5  6  7  8  9 |
---------------+----------------------------+-----
Polearms       | 5 6 9 12 14 | 14.4
Armour         | 2 3 4 5 |  5.6
Fighting       | 4 5 6 |  6.0
Dodging        | |  2.6

Action                   |  1- 3 |  4- 6 |  7- 9 || total
-------------------------+-------+-------+-------++-------
Melee: Spear             |   143 |   177 |    28 ||   348
       Trident           |       |       |    39 ||    39
       Halberd           |       |       |   235 ||   235
Throw: Dart              |     3 |     2 |    10 ||    15
Invok: Berserk           |     1 |     5 |    11 ||    17
       Trog's Hand       |       |       |     2 ||     2
  Use: Scroll            |       |       |    16 ||    16
 Stab: Distracted        |     1 |       |       ||     1
Armor: Animal skin       |     2 |       |       ||     2
       Ring mail         |    22 |    31 |    17 ||    70
       Chain mail        |       |       |   122 ||   122
Dodge: Dodged            |    63 |    52 |   107 ||   222

Table legend: (Time is in decaauts)
 A = Elapsed time spent in this place.
 B = Non-inter-level travel time spent in this place.
 C = Inter-level travel time spent in this place.
 D = Time resting spent in this place.
 E = Time spent auto-exploring this place.
 F = Levels seen in this place.
 G = Mean time per level.
                   A        B        C        D        E       F      G
               +--------+--------+--------+--------+--------+-----+--------+
         Total |   8125 |   7875 |    250 |   1424 |   5265 |   7 | 1160.7 |
       Dungeon |   8125 |   7875 |    250 |   1424 |   5265 |   7 | 1160.7 |
               +--------+--------+--------+--------+--------+-----+--------+

Top non-repeatable levels by time:
     D:5: 1966 daAuts
     D:4: 1387 daAuts
     D:2: 1219 daAuts
     D:3: 1006 daAuts
     D:6: 978 daAuts
     D:1: 844 daAuts
     D:7: 722 daAuts
